 Dungeon Crawl Stone Soup version 0.31-a0-940-gdaa99269f9 (webtiles) character file.

Game seed: 15757408999170291412

210 sampeng1 the Shield-Bearer (level 6, -13/48 HPs)
             Began as a Human Fighter on Oct 21, 2023.
             Blown up by Ijyb (18 damage)
             ... with a mindburst bolt
             ... on level 3 of the Dungeon.
             The game lasted 00:06:42 (1938 turns).

sampeng1 the Shield-Bearer (Human Fighter)          Turns: 1938, Time: 00:06:43

Health: -13/48     AC:  7    Str: 18    XL:     6   Next: 12%
Magic:  6/6        EV: 14    Int:  8    God:
Gold:   96         SH:  5    Dex: 13    Spells: 5/5 levels left

rFire   . . .        a - +0 war axe
rCold   . . .        c - +0 buckler
rNeg    . . .        b - +0 scale mail
rPois   .            (no helmet)
rElec   .            (no cloak)
rCorr   .            (no gloves)
SInv    .            (no boots)
Will    .....        (no amulet) Stlth
                     l - +5 ring of evasion
HPRegen 0.28/turn    (no ring)
MPRegen 0.10/turn

%: no passive effects
@: no status effects
A: no striking features
a: no special abilities


You were on level 3 of the Dungeon.
You visited 1 branch of the dungeon, and saw 3 of its levels.

You collected 96 gold pieces.

Inventory:

Hand Weapons
 a - a +0 war axe (weapon)
Missiles
 i - a throwing net
Armour
 b - a +0 scale mail (worn)
 c - a +0 buckler (worn)
Jewellery
 l - a +5 ring of evasion (left hand)
Wands
 f - a wand of flame (15)
Scrolls
 g - a scroll of blinking
Potions
 d - a potion of might
 e - 2 potions of lignification
 h - a potion of cancellation


   Skills:
 + Level 4.0 Fighting
 + Level 3.3 Axes
 + Level 4.0 Armour
 + Level 0.5 Dodging
 + Level 4.0 Shields


You had 5 spell levels left.
You didn't know any spells.
Your spell library was empty.

Dungeon Overview and Level Annotations

Branches:
Dungeon (3/15)

Altars:

Annotations:
D:3 Ijyb


Message History

The adder is almost dead.
The adder completely misses you. The adder misses you.
You miss the adder.
The adder is almost dead.
The adder barely misses you. The adder closely misses you.
You hit the adder.
You kill the adder!
The frilled lizard bites you but does no damage.
You closely miss the frilled lizard. The frilled lizard closely misses you.
You barely miss the frilled lizard. The frilled lizard closely misses you.
The frilled lizard bites you.
You miss the frilled lizard. The frilled lizard closely misses you.
You closely miss the frilled lizard. The frilled lizard barely misses you.
You slash the frilled lizard!
You kill the frilled lizard!
The frilled lizard misses you.
You completely miss the frilled lizard. The frilled lizard barely misses you.
You hit the frilled lizard.
You kill the frilled lizard!
Things that are here:
a frilled lizard corpse; an adder corpse
Found a hand axe.
Ijyb the Twisted Goblin comes into view.
She is wielding a +0 club and carrying a wand of mindburst.
Ijyb shouts!
You block Ijyb's attack.
You completely miss Ijyb. Ijyb hits you but does no damage.
You closely miss Ijyb. You block Ijyb's attack.
You barely miss Ijyb.
Ijyb zaps a wand.
Your mind is blasted!
Ijyb zaps a wand.
Your mind is blasted!
You hit Ijyb but do no damage.
Ijyb zaps a wand.
Your mind is blasted!
You hit Ijyb.
Ijyb is lightly wounded.
Ijyb zaps a wand.
Your mind is blasted!
* * * LOW HITPOINT WARNING * * *
Ijyb zaps a wand.
You barely resist.
Sorry, you're not good enough to have a special ability.
You closely miss Ijyb.
Ijyb is lightly wounded.
Ijyb zaps a wand.
Your mind is blasted!
You die...

##### #...###
.###...##
....###
.###..g.##
.#..##.
..##..#@.##
##..#..
...#).##..#
###...
#....###..#
###..
#....###..#
##
#...####..###
#####
########....#
##..#####
###...#
........#
#.##..#
#.......#
#..†..#


You could see Ijyb.

Vanquished Creatures
  An ogre (D:3)
  Jessica (D:3)
  2 adders
  3 gnolls (D:3)
  A worm (D:2)
  3 dart slugs
  4 bats
  A giant cockroach (D:1)
  8 hobgoblins
  8 jackals (D:1)
  4 kobolds
  A quokka (D:1)
  A ball python (D:2)
  2 frilled lizards (D:3)
  2 goblins
  5 rats
47 creatures vanquished.

Notes
Turn   | Place    | Note
-------+----------+-------------------------------------------
     0 | D:1      | sampeng1 the Human Fighter began the quest for the Orb.
     0 | D:1      | Reached XP level 1. HP: 18/18 MP: 1/1
    38 | D:1      | Found a faded altar of an unknown god.
    86 | D:1      | Reached XP level 2. HP: 24/24 MP: 2/2
   451 | D:1      | Reached XP level 3. HP: 29/29 MP: 3/3
  1285 | D:2      | Reached XP level 4. HP: 35/35 MP: 4/4
  1619 | D:3      | Noticed Jessica
  1621 | D:3      | Noticed an ogre
  1627 | D:3      | Killed Jessica
  1640 | D:3      | Killed an ogre
  1641 | D:3      | Reached XP level 5. HP: 17/42 MP: 5/5
  1830 | D:3      | Reached XP level 6. HP: 48/48 MP: 6/6
  1925 | D:3      | Noticed Ijyb
  1938 | D:3      | Blown up by Ijyb

Illustrated notes

Levels and vault maps discovered:
D:1:      nicolae_arrival_washed_ashore, layout_basic,
          hellmonk_ecumenical_altar_leap_of_faith
D:2:      layout_basic, nicolae_figureground_sparkle
D:3:      minmay_razor_zed, layout_loops_ring, marbit_many_paths,
          hangedman_glass_teeth, uniq_jessica, uniq_ijyb

Skill      XL: |  1  2  3  4  5  6 |
---------------+-------------------+-----
Axes           | 3 |  3.3
Shields        | 4 |  4.0
Fighting       | 4 |  4.0
Armour         | 4 |  4.0
Dodging        | |  0.5

Action                     |  1- 3 |  4- 6 || total
---------------------------+-------+-------++-------
  Melee: War axe           |   102 |    72 ||   174
    Use: Scroll            |       |     6 ||     6
         Potion            |       |     4 ||     4
 Armour: Scale mail        |    99 |    33 ||   132
  Dodge: Dodged            |    44 |    38 ||    82
  Block: Buckler           |    20 |    14 ||    34

Table legend: (Time is in decaauts)
 A = Elapsed time spent in this place.
 B = Non-inter-level travel time spent in this place.
 C = Inter-level travel time spent in this place.
 D = Time resting spent in this place.
 E = Time spent auto-exploring this place.
 F = Levels seen in this place.
 G = Mean time per level.
                   A        B        C        D        E       F      G
               +--------+--------+--------+--------+--------+-----+--------+
         Total |   1989 |   1921 |     68 |      0 |   1414 |   3 |  663.0 |
       Dungeon |   1989 |   1921 |     68 |      0 |   1414 |   3 |  663.0 |
               +--------+--------+--------+--------+--------+-----+--------+

Top non-repeatable levels by time:
     D:1: 881 daAuts
     D:2: 758 daAuts
     D:3: 348 daAuts
